 Dungeon Crawl Stone Soup version 0.24-a0-434-gd57e52fea8 (webtiles) character file.

Game seed: 8641698953613822380

354 Krouwed the Slinger (level 6, -1/41 HPs)
             Began as a Halfling Hunter on June 16, 2019.
             Slain by Edmund
             ... wielding a +0 dire flail of protection
              (5 damage)
             ... on level 4 of the Dungeon.
             The game lasted 00:26:51 (3597 turns).

Krouwed the Slinger (Halfling Hunter)               Turns: 3597, Time: 00:26:52

Health: -1/41      AC:  8    Str: 14    XL:     6   Next: 95%
Magic:  6/6        EV: 14    Int:  9    God:
Gold:   139        SH:  0    Dex: 21    Spells: 5/5 levels left

rFire    . . .     SeeInvis .   a - +1 hunting sling
rCold    . . .     Gourm    .   (shield restricted)
rNeg     + . .     Faith    .   c - +0 chain mail
rPois    .         Spirit   .   (no helmet)
rElec    .         Reflect  .   r - scarf {repulsion}
rCorr    .         Harm     .   (no gloves)
MR       .....                  (no boots)
Stlth    ..........             (no amulet)
HPRegen  0.13/turn              v - ring of positive energy
MPRegen  0.10/turn              (no ring)

@: agile, repel missiles
A: small, mutation resistance 1
a: no special abilities


You were on level 4 of the Dungeon.
You were not hungry.

You visited 1 branch of the dungeon, and saw 4 of its levels.

You collected 139 gold pieces.

Inventory:

Hand Weapons
 a - a +1 hunting sling (weapon)
 b - a +0 short sword
 s - a +0 rapier
Missiles
 h - 102 stones (quivered)
Armour
 c - a +0 chain mail (worn)
 r - a scarf of repulsion (worn)
Jewellery
 i - an uncursed ring of fire
 j - an uncursed amulet of faith
 v - a ring of positive energy (left hand)
Wands
 t - a wand of enslavement (15)
Scrolls
 g - 2 scrolls of enchant weapon {unknown}
 k - 2 scrolls of remove curse {unknown}
 m - 5 scrolls of teleportation {unknown}
 n - a scroll of immolation {unknown}
 o - a scroll of amnesia {unknown}
 p - a scroll of fog {unknown}
 q - 2 scrolls of magic mapping {unknown}
Potions
 e - a potion of might {unknown}
 l - a potion of berserk rage {unknown}
 u - 2 potions of agility
 x - a potion of resistance {unknown}
Comestibles
 f - 10 rations


   Skills:
 - Level 2.4 Fighting
 - Level 1.8 Short Blades
 + Level 9.4 Slings
 + Level 1.1 Armour
 - Level 3.0 Dodging
 - Level 2.4 Stealth


You had 5 spell levels left.
You didn't know any spells.
Your spell library was empty.

Dungeon Overview and Level Annotations

Branches:
Dungeon (4/15)
 Temple: D:4-7

Altars:
Ashenzari
Dithmenos
Kikubaaqudgha
Qazlal
Sif Muna
Trog
Uskayaw
The Shining One

Annotations:
D:4 Edmund


Innate Abilities, Weirdness & Mutations

You are small and have problems with some larger weapons.
You are somewhat resistant to further mutation.


Message History

Press: ? - help, Shift-Dir - straight line, f/p - Edmund
Aim: Edmund, wielding a +0 dire flail of protection and wearing a +0 scale mail (almost dead)
You shoot a stone.
The stone hits Edmund but does no damage.
Edmund is almost dead.
Edmund hits you with a +0 dire flail of protection!
* * * LOW HITPOINT WARNING * * *
Firing (i - inventory)
h - 104 stones (quivered)
Press: ? - help, Shift-Dir - straight line, f/p - Edmund
Aim: Edmund, wielding a +0 dire flail of protection and wearing a +0 scale mail (almost dead)
You shoot a stone. The stone hits Edmund.
Edmund is almost dead.
Firing (i - inventory)
h - 103 stones (quivered)
Press: ? - help, Shift-Dir - straight line, f/p - Edmund
Aim: Edmund, wielding a +0 dire flail of protection and wearing a +0 scale mail (almost dead)
You shoot a stone.
The stone hits Edmund but does no damage.
Edmund is almost dead.
Edmund hits you with a +0 dire flail of protection.
You die...

##.....## ######.#
#.......## ##.###.#
<........####...##.#
.........'.......#.#
.........####...##.#
#.......## ##.###.#
##.....## ### #.#
###...## ####.# #
##'## #.@..# # #.#
#@#### ## #.#
########.#
.###.###.....##.#
.##...##.###.##.#
.......#.#......#
###...##.#.#.####
####.###.....#
...........###


You could see Edmund.

Vanquished Creatures
  An ogre (D:4)
  An orc priest (D:3)
  2 orc wizards
  A worker ant (D:4)
  A gnoll (D:1)
  An adder (D:3)
  2 oozes (D:3)
  An adder skeleton (D:4)
  A worm (D:2)
  5 dart slugs
  7 leopard geckos
  21 orcs
  7 giant cockroaches
  7 goblins
  11 hobgoblins
  5 jackals
  A quokka (D:2)
  7 bats
  4 frilled lizards
  3 kobolds (D:2)
  2 leopard gecko skeletons (D:4)
  5 rats
96 creatures vanquished.

Notes
Turn   | Place    | Note
-------+----------+-------------------------------------------
     0 | D:1      | Krouwed the Halfling Hunter began the quest for the Orb.
     0 | D:1      | Reached XP level 1. HP: 14/14 MP: 1/1
    14 | D:1      | Reached skill level 6 in Slings
   106 | D:1      | Found a glowing golden altar of the Shining One.
   117 | D:1      | Reached XP level 2. HP: 19/19 MP: 2/2
   168 | D:1      | Reached XP level 3. HP: 24/24 MP: 3/3
   916 | D:2      | Reached skill level 7 in Slings
   987 | D:2      | Reached XP level 4. HP: 18/29 MP: 4/4
  1039 | D:2      | Found a stormy altar of Qazlal.
  1163 | D:2      | Reached skill level 1 in Short Blades
  1276 | D:2      | Found an ancient bone altar of Kikubaaqudgha.
  1276 | D:2      | You fall into a shaft and drop 1 floor!
  1441 | D:3      | Found a bloodstained altar of Trog.
  1457 | D:3      | Reached XP level 5. HP: 35/35 MP: 5/5
  1461 | D:3      | Noticed an ogre
  1813 | D:2      | Found a shattered altar of Ashenzari.
  1821 | D:2      | Found a hide-covered altar of Uskayaw.
  1821 | D:2      | Found a bloodstained altar of Trog.
  1928 | D:2      | Found a faded altar of an unknown god.
  2054 | D:2      | Found a deep blue altar of Sif Muna.
  2322 | D:3      | Reached XP level 6. HP: 41/41 MP: 6/6
  2325 | D:3      | Reached skill level 8 in Slings
  3096 | D:4      | Killed an ogre
  3096 | D:4      | Reached skill level 9 in Slings
  3097 | D:4      | Found a shadowy altar of Dithmenos.
  3363 | D:4      | Reached skill level 1 in Armour
  3530 | D:4      | Noticed Edmund
  3597 | D:4      | Slain by Edmund

Levels and vault maps discovered:
D:1:      dpeg_chamrin_arrival_tetris, layout_loops_ring, tso_metal_star
D:2:      layout_loops_ring, grunt_temple_overflow_open, lemuel_blue_sif_altar,
          grunt_qazlal_sundering, first_ration,
          chequers_ecumenical_altar_simple_redux
D:3:      layout_loops_ring, grunt_decor_resistance, trog_butcher_becter
D:4:      layout_loops_corners, old_standard_altar, ebering_ghost_gozag,
          sigmund_edmund_badplayer

Skill      XL: |  1  2  3  4  5  6 |
---------------+-------------------+-----
Slings         | 6 7 9 |  9.4
Fighting       | 2 |  2.4
Short Blades   | 1 |  1.8
Stealth        | 2 |  2.4
Dodging        | 3 |  3.0
Armour         | 1 |  1.1

Action                   |  1- 3 |  4- 6 || total
-------------------------+-------+-------++-------
Melee: Short sword       |    36 |       ||    36
 Fire: Hunting sling     |    41 |   256 ||   297
  Use: Scroll            |       |     4 ||     4
       Potion            |       |     1 ||     1
 Stab: Sleeping          |     2 |       ||     2
  Eat: Chunk             |       |     8 ||     8
Armor: Leather armour    |     4 |     6 ||    10
       Chain mail        |       |     5 ||     5
Dodge: Dodged            |    18 |    29 ||    47

Table legend:
 A = Non-vault XP
 B = Vault XP
 C = Vault XP percentage of total XP
 D = Non-vault monster count
 E = Vault monster count
 F = Vault count percentage of total count
                 A         B        C        D         E       F
            +---------+---------+-------+---------+---------+-------
      Total |     499 |       8 |   1.6 |      92 |       4 |   4.2
            +---------+---------+-------+---------+---------+-------
        D:1 |      48 |       0 |   0.0 |      19 |       0 |   0.0
        D:2 |      62 |       0 |   0.0 |      28 |       0 |   0.0
        D:3 |     184 |       8 |   4.2 |      34 |       4 |  10.5
        D:4 |     205 |       0 |   0.0 |      11 |       0 |   0.0
            +---------+---------+-------+---------+---------+-------
